 Dungeon Crawl Stone Soup version 0.24-a0-67-ga78bd38 (webtiles) character file.

Game seed: 5625316289495566875

68140 Lanoc the Dancer (level 14, -22/111 HPs)
             Began as a Demonspawn Gladiator on Feb 5, 2019.
             Was a Believer of Uskayaw.
             Annihilated by an orc knight
             ... wielding a +0 battleaxe
              (28 damage)
             ... on level 1 of the Orcish Mines.
             The game lasted 01:04:02 (23200 turns).

Lanoc the Dancer (Demonspawn Gladiator)            Turns: 23200, Time: 01:04:05

Health: -22/111    AC: 27    Str: 21    XL:     14   Next: 85%
Magic:  0/25       EV: 17    Int: 12    God:    Uskayaw [**....]
Gold:   1445       SH:  0    Dex: 16    Spells: 11/13 levels left

rFire    + . .     SeeInvis +   E - +2 hand axe (vamp)
rCold    . . .     Gourm    .   (no shield)
rNeg     + . .     Faith    .   U - +7 scale mail of the Desert {rN+}
rPois    +         Spirit   +   O - +2 helmet
rElec    .         Reflect  .   (no cloak)
rCorr    .         Harm     .   G - +1 pair of gloves of the Other Side {Str-2 Int+3 SInv}
MR       +....                  (no boots)
Stlth    ..........             g - amulet of the acrobat
HPRegen  0.28/turn              s - +4 ring of strength
MPRegen  0.38/turn              z - ring of poison resistance

@: sanguine armour, hasted, very quick
A: claws 2, fire resistance 1, magic shield, magic regeneration, magic link,
flame cloud immunity, sanguine armour 1
a: Stomp, Line Pass, Renounce Religion


You were on level 1 of the Orcish Mines.
You worshipped Uskayaw.
Uskayaw was pleased with you.
You were hungry.

You visited 5 branches of the dungeon, and saw 21 of its levels.
You also visited: Ossuary, Bailey and Volcano.

You collected 1749 gold pieces.
You spent 304 gold pieces at shops.

Inventory:

Hand Weapons
 B - a +2 hand axe of flaming
 E - a +2 vampiric hand axe (weapon)
 L - the +6 war axe of Accidental Termination {venom, rN++}
   (You found it on level 6 of the Lair of Beasts)

   It poisons the flesh of those it strikes.
   It greatly protects you from negative energy.
Missiles
 r - 5 throwing nets (quivered)
Armour
 v - a +1 shield of reflection
 G - the +1 pair of gloves of the Other Side (worn) {Str-2 Int+3 SInv}
   (You acquired it on level 10 of the Dungeon)

   It affects your strength (-2).
   It affects your intelligence (+3).
   It lets you see invisible.
 O - a +2 helmet (worn)
 U - the +7 scale mail of the Desert (worn) {rN+}
   (You found it on level 5 of the Lair of Beasts)

   It protects you from negative energy.
Jewellery
 g - an amulet of the acrobat (around neck)
 n - a +3 ring of strength
 s - a +4 ring of strength (left hand)
 z - a ring of poison resistance (right hand)
Wands
 a - a wand of digging (6)
 t - a wand of paralysis (8)
 u - a wand of disintegration (33)
 A - a wand of flame (66)
 C - a wand of polymorph (33)
 I - a wand of iceblast (15)
 J - a wand of acid (2)
 Q - a wand of random effects (20)
Scrolls
 e - 7 scrolls of remove curse
 k - 10 scrolls of teleportation
 p - 4 scrolls of amnesia
 w - 3 scrolls of fog
 y - 3 scrolls of fear
 F - 6 scrolls of identify
 K - a scroll of magic mapping
 N - 4 scrolls of enchant armour
 R - 5 scrolls of blinking
Potions
 b - 3 potions of invisibility
 c - 2 potions of might
 d - a potion of haste
 h - 3 potions of brilliance
 j - 3 potions of flight
 l - 7 potions of heal wounds
 m - 2 potions of cancellation
 o - 8 potions of curing
 q - 2 potions of ambrosia
 x - a potion of mutation {unknown}
 D - a potion of resistance
 M - 2 potions of agility
 P - a potion of berserk rage
 S - a potion of magic {unknown}
Miscellaneous
 T - a phantom mirror
Comestibles
 f - 22 rations


   Skills:
 + Level 10.5 Fighting
 * Level 13.3 Axes
 - Level 1.7 Throwing
 + Level 9.6 Armour
 + Level 10.0 Dodging
 - Level 2.8 Necromancy
 * Level 15.9 Invocations


You had 11 spell levels left.
You knew the following spells:

 Your Spells              Type           Power        Failure   Level  Hunger
a - Apportation           Tloc           #.....       58%         1    ##.....
b - Animate Skeleton      Necr           N/A          24%         1    ##.....

Your spell library contained the following spells:

 Spells                   Type           Power        Failure   Level  Hunger
 Confusing Touch          Hex            #.....       58%         1    ##.....
 Corona                   Hex            #......      58%         1    ##.....
 Flame Tongue             Conj/Fire      #....        58%         1    ##.....
 Sting                    Conj/Pois      #...         58%         1    ##.....
 Summon Small Mammal      Summ           #...         58%         1    ##.....
 Ensorcelled Hibernation  Hex/Ice        #.....       75%         2    ###....
 Poisonous Vapours        Pois/Air       #.....       75%         2    ###....
 Slow                     Hex            #.......     75%         2    ###....
 Throw Flame              Conj/Fire      #.....       75%         2    ###....
 Confuse                  Hex            #.......     92%         3    ####...
 Conjure Flame            Conj/Fire      #.......     92%         3    ####...
 Dazzling Spray           Conj/Hex       #.....       92%         3    ####...
 Gell's Gravitas          Tloc           #.........   92%         3    ####...
 Inner Flame              Hex/Fire       #.......     92%         3    ####...
 Mephitic Cloud           Conj/Pois/Air  #.......     92%         3    ####...
 Portal Projectile        Hex/Tloc       #.....       92%         3    ####...
 Tukima's Dance           Hex            #.......     92%         3    ####...
 Cause Fear               Hex            #.........   100%        4    #####..
 Ice Form                 Ice/Tmut       #.......     100%        4    #####..
 Leda's Liquefaction      Hex/Erth       #.........   100%        4    #####..
 Olgreb's Toxic Radiance  Pois           #.......     100%        4    #####..
 Petrify                  Tmut/Erth      #.......     100%        4    #####..
 Sticky Flame             Conj/Fire      #.......     100%        4    #####..
 Fireball                 Conj/Fire      #.........   100%        5    ######.
 Metabolic Englaciation   Hex/Ice        #.........   100%        5    ######.
 Venom Bolt               Conj/Pois      #.........   100%        5    ######.
 Yara's Violent Unravell  Hex/Tmut       #.........   100%        5    ######.
 Bolt of Cold             Conj/Ice       #.........   100%        6    #######
 Freezing Cloud           Conj/Ice/Air   #.........   100%        6    #######
 Ozocubu's Refrigeration  Ice            #.........   100%        6    #######
 Simulacrum               Ice/Necr       #.........   100%        6    #######


Dungeon Overview and Level Annotations

Branches:
Dungeon (11/15)            Temple (1/1) D:4            Lair (6/6) D:9
  Swamp (1/4) Lair:2       Spider (0/4) Lair:2        Slime (0/5) Lair:6
    Orc (2/2) D:9
    Elf: Orc:2

Altars:
Ashenzari
Cheibriados
Dithmenos
Elyvilon
Fedhas
Gozag
Hepliaklqana
Kikubaaqudgha
Makhleb
Nemelex Xobeh
Okawaru
Qazlal
Ru
Sif Muna
Trog
Uskayaw
Vehumet
Wu Jian
Xom
Yredelemnul
Zin
The Shining One
Beogh

Shops:
Orc:2 :?

Annotations:
Lair:6 exclusion: 3 oklob plants


Innate Abilities, Weirdness & Mutations

You have very sharp fingernails.
Your flesh is heat resistant. (rF+)
When hurt, damage is shared between your health and your magic reserves.
You regenerate magic rapidly.
When low on magic, you restore magic in place of health.
You are immune to clouds of flame.
When seriously injured, your bleeding wounds create armour. (AC +6)


Message History

The orc knight is lightly wounded.
You hit the orc warlord but do no damage.
You hit the orc knight. You slash the warg!
You feel better. The warg bites you but does no damage.
The orc knight closely misses you.
The orc warlord hits you but does no damage.
You hit the orc knight.
The orc knight is lightly wounded.
You hit the warg. You barely miss the orc knight.
You hit the orc warlord but do no damage.
The orc knight hits you with a +0 battleaxe!!
The warg bites you but does no damage.
Unknown command.
You feel yourself speed up.
The orc warlord hits you with a +0 dire flail!!
* * * LOW HITPOINT WARNING * * *
The orc knight hits you with a +0 great mace!
* * * LOW HITPOINT WARNING * * *
The warg bites you but does no damage.
The orc knight hits you with a +0 battleaxe!!
You die...

####...##....#..#.#..
#.....######.........
###...#.##...#.......
###...##..####.##..
#.#.......##....#.
####.....##......#
####......#...#....
##h#[......#..##...#
#.o@o#.#.....#.#.#..
#.o.######..#####...
#....## #....####...
###...###..#..#.#..#
##...#..###......#
##......##......#
###..##.........
#####...#....#
#.#.))..###...


You could see an orc warlord, 2 orc knights and a warg.

Vanquished Creatures
  Saint Roka (Orc:2)
  Gastronok (D:8)
  Donald (Orc:2)
  An orc warlord (Bailey)
  Josephine (D:10)
  5 hydras
  Harold (D:10)
  2 two-headed ogres
  2 alligators (Swamp:1)
  An orc high priest (Orc:2)
  A fire crab (Volcano)
  2 lindwurms
  An orc knight (Orc:1)
  A wolf spider zombie (D:10)
  3 orc sorcerers
  A centaur zombie (D:10)
  9 elephants
  2 molten gargoyles (Volcano)
  5 black mambas
  9 spiny frogs
  A freezing wraith (D:10)
  4 komodo dragons
  6 polar bears (Lair:6)
  4 hornets (Lair:6)
  Grinder (D:3)
  5 hippogriffs
  4 trolls
  20 blink frogs
  8 dream sheep
  4 wraiths (D:10)
  11 spriggans (Lair:6)
  12 yaks
  A vampire (D:9)
  A wyvern (D:11)
  11 fire bats (Volcano)
  A basilisk (D:9)
  A vampire mosquito (Swamp:1)
  2 steam dragons (Volcano)
  Menkaure (Ossuary)
  3 wargs
  6 porcupines
  16 water moccasins
  2 ice beasts
  3 black bears
  30 orc warriors
  5 sky beasts
  2 eyes of draining (D:11)
  A necrophage (D:7)
  7 ogres
  4 boggarts (Lair:6)
  4 phantoms
  4 centaurs
  12 crocodiles
  17 wolves (Lair:6)
  3 big kobolds (D:8)
  10 bullfrogs
  A water moccasin skeleton (D:4)
  6 scorpions
  12 killer bees
  11 wights
  2 howler monkeys
  An electric eel (Lair:2)
  4 crimson imps
  A bullfrog zombie (D:10)
  5 lava snakes (Volcano)
  7 hounds
  3 bullfrog skeletons
  A centaur skeleton (D:4)
  A jelly (D:9)
  12 orc priests
  21 orc wizards
  2 iguanas
  8 worker ants
  2 hound skeletons
  3 mummies (Ossuary)
  A worker ant zombie (D:10)
  8 gnolls
  A howler monkey skeleton (D:6)
  8 adders
  2 shadow imps
  2 oozes
  5 worms
  5 dart slugs
  7 leopard geckos
  71 orcs
  8 giant cockroaches
  21 goblins
  21 hobgoblins
  13 jackals
  13 kobolds
  3 quokkas
  8 bats
  4 frilled lizards
  7 gnoll skeletons (Ossuary)
  5 gnoll zombies
  2 goblin skeletons (Ossuary)
  4 goblin zombies (Ossuary)
  5 hobgoblin skeletons (Ossuary)
  2 hobgoblin zombies (Ossuary)
  3 kobold skeletons (Ossuary)
  5 kobold zombies (Ossuary)
  4 orc skeletons (Ossuary)
  4 orc zombies (Ossuary)
  11 rats
  2 rat skeletons (Ossuary)
  6 rat zombies (Ossuary)
  7 fungi
648 creatures vanquished.

Vanquished Creatures (others)
  An orc skeleton (Ossuary)
  A rat skeleton (Ossuary)
  A rat zombie (Ossuary)
  A fungus (Lair:3)
  2 plants
6 creatures vanquished.

Grand Total: 654 creatures vanquished

Notes
Turn   | Place    | Note
-------+----------+-------------------------------------------
     0 | D:1      | Lanoc the Demonspawn Gladiator began the quest for the Orb.
     0 | D:1      | Reached XP level 1. HP: 16/16 MP: 1/1
   334 | D:1      | Gained mutation: You have sharp fingernails. [demonic
                  | ancestry]
   334 | D:1      | Reached XP level 2. HP: 11/22 MP: 2/2
   726 | D:1      | Reached skill level 1 in Armour
   850 | D:2      | Found an ornate altar of the Wu Jian Council.
   873 | D:2      | Gained mutation: Your flesh is heat resistant. (rF+)
                  | [demonic ancestry]
   873 | D:2      | Reached XP level 3. HP: 21/28 MP: 3/3
  1016 | D:2      | Noticed a scorpion
  1020 | D:2      | Killed a scorpion
  1020 | D:2      | Gained mutation: When hurt, damage is shared between your
                  | health and your magic reserves. [demonic ancestry]
  1020 | D:2      | Reached XP level 4. HP: 31/34 MP: 4/4
  1262 | D:2      | Found an iron altar of Okawaru.
  1263 | D:2      | Found a hide-covered altar of Uskayaw.
  1267 | D:2      | Became a worshipper of Uskayaw the Reveler
  1294 | D:2      | Reached * piety under Uskayaw
  1308 | D:2      | Reached ** piety under Uskayaw
  1679 | D:3      | Reached *** piety under Uskayaw
  1700 | D:3      | Gained mutation: You regenerate magic rapidly. [demonic
                  | ancestry]
  1700 | D:3      | Reached XP level 5. HP: 32/41 MP: 3/5
  1800 | D:3      | You fall through a shaft for 3 floors!
  1828 | D:6      | Noticed a centaur
  1861 | D:6      | Reached **** piety under Uskayaw
  1862 | D:6      | Killed a centaur
  1862 | D:6      | Reached skill level 1 in Invocations
  1866 | D:6      | Gained mutation: You have very sharp fingernails. [demonic
                  | ancestry]
  1866 | D:6      | Reached XP level 6. HP: 36/47 MP: 3/7
  1980 | D:6      | Noticed an orc warrior
  2014 | D:6      | Reached skill level 2 in Invocations
  2276 | D:6      | Found a blossoming altar of Fedhas.
  2368 | D:5      | Entered Level 5 of the Dungeon
  2407 | D:5      | Reached XP level 7. HP: 43/53 MP: 7/9
  2615 | D:5      | Reached skill level 3 in Invocations
  2966 | D:5      | Reached skill level 5 in Axes
  3445 | D:3      | Found a burning altar of Makhleb.
  3682 | D:3      | Noticed Grinder
  3697 | D:3      | Paralysed by Grinder for 6 turns
  3719 | D:3      | Killed Grinder
  3719 | D:3      | Reached skill level 4 in Invocations
  3719 | D:3      | Gained mutation: When low on magic, you restore magic in
                  | place of health. [demonic ancestry]
  3719 | D:3      | Reached XP level 8. HP: 44/61 MP: 8/11
  3850 | D:4      | Found a staircase to the Ecumenical Temple.
  3868 | Temple   | Entered the Ecumenical Temple
  4983 | D:6      | Reached skill level 5 in Invocations
  5288 | D:6      | Reached skill level 5 in Fighting
  5326 | D:6      | Found a basalt altar of Yredelemnul.
  5391 | D:6      | Reached skill level 5 in Dodging
  5873 | D:7      | Reached XP level 9. HP: 60/68 MP: 11/13
  6037 | D:7      | Found a sand-covered staircase.
  6046 | Ossuary  | Entered an ossuary
  6305 | Ossuary  | Noticed Menkaure
  6316 | Ossuary  | Killed Menkaure
  6675 | D:7      | Reached skill level 6 in Invocations
  7276 | D:8      | Noticed a two-headed ogre
  7300 | D:8      | Killed a two-headed ogre
  7300 | D:8      | Reached skill level 5 in Armour
  7300 | D:8      | Reached skill level 7 in Invocations
  7471 | D:8      | Found a glowing golden altar of the Shining One.
  7518 | D:8      | Noticed a three-headed hydra
  7522 | D:8      | Reached XP level 10. HP: 49/76 MP: 12/15
  7524 | D:8      | Reached ***** piety under Uskayaw
  7536 | D:8      | Killed a one-headed hydra
  7539 | D:8      | Reached ****** piety under Uskayaw
  8000 | D:8      | Noticed Gastronok
  8050 | D:7      | Reached skill level 8 in Invocations
  8690 | D:8      | Killed Gastronok
  8690 | D:8      | Reached skill level 9 in Invocations
  9182 | D:9      | Gained mutation: When seriously injured, your bleeding
                  | wounds create armour. (AC +6) [demonic ancestry]
  9182 | D:9      | Reached XP level 11. HP: 21/84 MP: 9/17
  9323 | D:9      | Found a staircase to the Lair.
  9434 | D:9      | Found a staircase to the Orcish Mines.
  9441 | D:9      | Found a deep blue altar of Sif Muna.
  9539 | D:9      | Found a flagged portal.
  9581 | Bailey   | Entered a bailey
  9993 | Bailey   | Noticed an orc warlord
 10018 | Bailey   | Killed an orc warlord
 10018 | Bailey   | Reached skill level 10 in Invocations
 10794 | D:10     | Entered Level 10 of the Dungeon
 10910 | D:10     | Reached skill level 10 in Axes
 10910 | D:10     | Reached skill level 11 in Invocations
 10910 | D:10     | Gained mutation: You are immune to clouds of flame.
                  | [demonic ancestry]
 10910 | D:10     | Reached XP level 12. HP: 93/93 MP: 18/20
 10921 | D:10     | Noticed Josephine
 10935 | D:10     | Killed Josephine
 11249 | D:10     | Reached skill level 12 in Invocations
 11426 | D:10     | Learned a level 1 spell: Apportation
 11428 | D:10     | Learned a level 1 spell: Animate Skeleton
 11556 | D:10     | Identified a scroll of acquirement
 11558 | D:10     | Got a pair of heavily runed gloves
 11564 | D:10     | Identified the +1 pair of gloves of the Other Side {Str-2
                  | Int+3 SInv} (You acquired it on level 10 of the Dungeon)
 11648 | D:10     | Found a stormy altar of Qazlal.
 11792 | D:10     | Noticed Harold
 11817 | D:10     | Killed Harold
 12133 | D:11     | Noticed a five-headed hydra
 12140 | D:11     | Killed a one-headed hydra
 12140 | D:11     | Reached XP level 13. HP: 64/100 MP: 16/22
 12980 | D:11     | Found an ornate altar of the Wu Jian Council.
 13082 | Orc:1    | Entered Level 1 of the Orcish Mines
 13731 | Orc:1    | Reached skill level 13 in Invocations
 14011 | Orc:2    | Entered Level 2 of the Orcish Mines
 14042 | Orc:1    | Paralysed by an orc sorcerer for 4 turns
 14302 | Orc:2    | Found Bireifua's Magic Scroll Shop.
 14323 | Orc:2    | Bought a scroll of magic mapping for 56 gold pieces
 14323 | Orc:2    | Bought a scroll of enchant armour for 120 gold pieces
 14323 | Orc:2    | Bought a scroll of identify for 32 gold pieces
 14323 | Orc:2    | Bought a scroll of remove curse for 48 gold pieces
 14323 | Orc:2    | Bought a scroll of teleportation for 48 gold pieces
 14449 | Orc:2    | Found Viovaeta's Book Boutique.
 14451 | Orc:2    | Noticed Donald
 14543 | Orc:2    | Killed Donald
 14661 | Orc:2    | Noticed an orc warlord
 15096 | Lair:1   | Entered Level 1 of the Lair of Beasts
 16263 | Lair:2   | Found a dark tunnel.
 16329 | Volcano  | Entered a volcano
 16577 | Volcano  | Found a radiant altar of Vehumet.
 16626 | Volcano  | Reached skill level 14 in Invocations
 17476 | Lair:2   | Found a staircase to the Swamp.
 18494 | Lair:3   | Reached XP level 14. HP: 106/109 MP: 22/24
 20807 | Lair:5   | Reached skill level 10 in Fighting
 21045 | Lair:5   | Got an ancient scale mail
 21056 | Lair:5   | Identified the +7 scale mail of the Desert {rN+} (You found
                  | it on level 5 of the Lair of Beasts)
 21310 | Lair:5   | Reached skill level 15 in Invocations
 21380 | Lair:6   | Entered Level 6 of the Lair of Beasts
 22346 | Lair:6   | Got a twisted war axe
 22348 | Lair:6   | Identified the +6 war axe of Accidental Termination {venom,
                  | rN++} (You found it on level 6 of the Lair of Beasts)
 22453 | Lair:6   | Found a staircase to the Slime Pits.
 22567 | Swamp:1  | Entered Level 1 of the Swamp
 22977 | Orc:2    | Noticed Saint Roka
 22981 | Orc:2    | Killed Saint Roka
 22981 | Orc:2    | Reached skill level 10 in Dodging
 22981 | Orc:2    | Found a roughly hewn altar of Beogh.
 23200 | Orc:1    | Annihilated by an orc knight

Vault maps used:
D:1:      moated_graveyard_arrival
D:2:      nicolae_overflow_hidden_temple, gammafunk_temple_overflow_statue
D:3:      lightli_temple_of_fire, first_ration, uniq_grinder
D:4:      minmay_temple_entry_overgrown
D:6:      fedhas_ov_isle_minmay, lemuel_zombie_altar_yredelemnul,
          minmay_checkerbox
D:7:      enter_ossuary_3
D:8:      lemuel_round_altar, hangedman_ranch, uniq_gastronok
D:9:      overflow_temple_1_default, david_lair_generic, orc_0_dummy,
          enter_bailey_2
D:10:     basic_altar, uniq_harold, uniq_josephine
D:11:     basic_altar
Temple:   eino_temple_water
Lair:2:   swamp_mist, nicolae_spider_entry_orb_guardian,
          nicolae_volcano_entry_vermiform, serial_bayou_lake_a
Lair:3:   beast_lair_carwin_9
Lair:4:   minivault_27, chequers_serial_rivers_micro_e,
          chequers_serial_rivers_large_a, grunt_megastairs_1
Lair:6:   minmay_lair_end_enchanted_forest, minmay_slime_entry_oklob_open
Swamp:1:  nicolae_swamp_godswood, lemuel_altar_in_water, uniq_kirke
Orc:2:    grunt_orc_cross, serial_shops, shop_fountains,
          nicolae_shop_window_shopping, nicolae_shop_window_shopping,
          nicolae_shop_waterfront, nicolae_shop_crystal, kennysheep_orc_chapel,
          uniq_donald
Ossuary:  ossuary_due_pyramid
Bailey:   bailey_axe_minmay_hex_keep, bailey
Volcano:  volcano_grotto

Skill      XL: |  1  2  3  4  5  6  7  8  9 10 11 12 13 14 |
---------------+-------------------------------------------+-----
Dodging        | 3 4 5 6 7 8 9 10 | 10.0
Armour         | 1 2 3 4 5 6 7 8 9 |  9.6
Axes           | 3 4 5 6 8 9 10 11 12 13 | 13.3
Fighting       | 3 4 5 6 7 8 9 10 | 10.5
Invocations    | 1 2 4 5 7 9 11 12 14 15 | 15.9
Necromancy     | 2 |  2.8
Throwing       | |  1.7

Action                   |  1- 3 |  4- 6 |  7- 9 | 10-12 | 13-15 || total
-------------------------+-------+-------+-------+-------+-------++-------
Melee: War axe           |    90 |   176 |   518 |     4 |    20 ||   808
       Hand axe          |       |       |       |   614 |  1457 ||  2071
Throw: Throwing net      |       |       |     5 |     2 |       ||     7
Invok: Grand Finale      |       |       |       |     1 |     2 ||     3
  Use: Potion            |       |     3 |     3 |     7 |     2 ||    15
       Scroll            |       |       |     8 |    17 |    11 ||    36
 Stab: Paralysed         |       |     5 |    31 |    70 |   208 ||   314
       Held in net/web   |       |       |     2 |     3 |       ||     5
  Eat: Chunk             |       |     5 |    11 |    10 |    22 ||    48
       Ration            |       |       |     2 |     3 |    11 ||    16
Armor: Leather armour    |    11 |       |       |       |       ||    11
       Plate armour      |    50 |   126 |   289 |   297 |       ||   762
       Skin              |       |    25 |       |       |       ||    25
       Chain mail        |       |       |       |    19 |   385 ||   404
       Fire dragon scale |       |       |       |       |    14 ||    14
       Scale mail        |       |       |       |       |   199 ||   199
Dodge: Dodged            |    48 |    65 |   261 |   329 |  1071 ||  1774

Table legend:
 A = Non-vault XP
 B = Vault XP
 C = Vault XP percentage of total XP
 D = Non-vault monster count
 E = Vault monster count
 F = Vault count percentage of total count
                 A         B        C        D         E       F
            +---------+---------+-------+---------+---------+-------
      Total |   46837 |   37200 |  44.3 |     403 |     237 |  37.0
            +---------+---------+-------+---------+---------+-------
        D:1 |      36 |       0 |   0.0 |      21 |       0 |   0.0
        D:2 |     127 |       0 |   0.0 |      30 |       0 |   0.0
        D:3 |     178 |     281 |  61.2 |      34 |       1 |   2.9
        D:4 |     379 |       0 |   0.0 |      15 |       0 |   0.0
        D:5 |     597 |       0 |   0.0 |      11 |       0 |   0.0
        D:6 |     892 |     182 |  16.9 |      19 |       6 |  24.0
        D:7 |    1178 |       0 |   0.0 |      21 |       0 |   0.0
        D:8 |    1855 |    4459 |  70.6 |      23 |       9 |  28.1
        D:9 |    1233 |     756 |  38.0 |      11 |       4 |  26.7
       D:10 |    4622 |    2874 |  38.3 |      42 |       6 |  12.5
       D:11 |    2131 |       0 |   0.0 |      15 |       0 |   0.0
     Lair:1 |    3481 |       0 |   0.0 |      15 |       0 |   0.0
     Lair:2 |    1527 |     668 |  30.4 |       9 |       1 |  10.0
     Lair:3 |    5961 |    1453 |  19.6 |      20 |       5 |  20.0
     Lair:4 |    3340 |     644 |  16.2 |      13 |       3 |  18.8
     Lair:5 |    3766 |       0 |   0.0 |      14 |       0 |   0.0
     Lair:6 |    7486 |    8124 |  52.0 |      24 |      44 |  64.7
    Swamp:1 |    1925 |       0 |   0.0 |       3 |       0 |   0.0
      Orc:1 |    4605 |     712 |  13.4 |      41 |       2 |   4.7
      Orc:2 |    1518 |    8296 |  84.5 |      22 |      15 |  40.5
    Ossuary |       0 |     276 | 100.0 |       0 |      50 | 100.0
     Bailey |       0 |    3582 | 100.0 |       0 |      69 | 100.0
    Volcano |       0 |    4893 | 100.0 |       0 |      22 | 100.0
            +---------+---------+-------+---------+---------+-------
